NCAA
CALIFORNIA GOLDEN BEARS @ ARKANSAS RAZORBACKS
05/22/2025
 
TOP OF THE 1ST
California Golden Bears batting - Pitching for Arkansas Razorbacks : LHP Scott McCullough
Pitching: LHP Scott McCullough
Batting: RHB Francis Land 0-0: Called Strike
0-1: Called Strike
0-2: Ball
1-2: Ball
2-2: Strikes out swinging
Batting: RHB Robin Dobson 0-0: Foul Ball, location: 2F
0-1: Ball
1-1: Ball
2-1: Ball
3-1: Base on Balls
Batting: RHB Marv Shepard 0-0: Foul Ball, location: 2F
0-1: Called Strike
0-2: Foul Ball, location: 2F
0-2: Strikes out swinging
Batting: SHB Darrel Lang 0-0: Ball
1-0: Called Strike
1-1: Swinging Strike
1-2: Strikes out swinging
Top of the 1st over - 0 run(s), 0 hit(s), 0 error(s), 1 left on base; California 0 - Arkansas 0
BOTTOM OF THE 1ST
Arkansas Razorbacks batting - Pitching for California Golden Bears : RHP Juan Bonilla
Pitching: RHP Juan Bonilla
Batting: RHB Domingo Morales 0-0: Ball
1-0: Called Strike
1-1: Ball
2-1: Ball
3-1: Base on Balls
Batting: RHB Andrew Weatherly 0-0: Called Strike
Domingo Morales is caught stealing 2nd base
0-1: Swinging Strike
0-2: Foul Ball, location: 2F
0-2: Ball
1-2: Ball
2-2: Ground out 6-3 (Groundball, 6)
Batting: LHB Richard Hinkle 0-0: Called Strike
0-1: SINGLE (Line Drive, 56D)
Batting: LHB Carter Sweet 0-0: Ground out 4-3 (Groundball, 4)
Bottom of the 1st over - 0 run(s), 1 hit(s), 0 error(s), 1 left on base; California 0 - Arkansas 0
TOP OF THE 2ND
California Golden Bears batting - Pitching for Arkansas Razorbacks : LHP Scott McCullough
Batting: LHB Robbie Evison 0-0: Ball
1-0: Foul Ball, location: 2F
1-1: Ball
2-1: Swinging Strike
2-2: Strikes out swinging
Batting: RHB William Knisley 0-0: Fly out, F8 (Flyball, 8RS)
Batting: RHB Ray Foster 0-0: Bunted foul
0-1: Ball
1-1: Swinging Strike
1-2: Foul Ball, location: 2F
1-2: Ground out 6-3 (Groundball, 6M)
Top of the 2nd over - 0 run(s), 0 hit(s), 0 error(s), 0 left on base; California 0 - Arkansas 0
BOTTOM OF THE 2ND
Arkansas Razorbacks batting - Pitching for California Golden Bears : RHP Juan Bonilla
Batting: RHB Stan Simpson 0-0: Ball
1-0: Swinging Strike
1-1: SINGLE (Groundball, 5L)
Batting: RHB Jon Anderson 0-0: Ball
1-0: Foul Ball, location: 2F
1-1: Called Strike
1-2: Strikes out swinging
Batting: LHB Paul Valentine 0-0: Ground out 5-3 (Groundball, 5S)
Stan Simpson to second
Batting: SHB Ed Dundee 0-0: Called Strike
0-1: Ground out 1-3 (Groundball, 13S)
Bottom of the 2nd over - 0 run(s), 1 hit(s), 0 error(s), 1 left on base; California 0 - Arkansas 0
TOP OF THE 3RD
California Golden Bears batting - Pitching for Arkansas Razorbacks : LHP Scott McCullough
Batting: LHB Ken Wheeler 0-0: Ball
1-0: Swinging Strike
1-1: Called Strike
1-2: Strikes out swinging
Batting: LHB Ryan Rheaume 0-0: Ball
1-0: Fly out, F7 (Popup, 78S)
Batting: RHB Francis Land 0-0: Ball
1-0: Swinging Strike
1-1: Swinging Strike
1-2: Foul Ball, location: 2F
1-2: Ball
2-2: Strikes out swinging
Top of the 3rd over - 0 run(s), 0 hit(s), 0 error(s), 0 left on base; California 0 - Arkansas 0
BOTTOM OF THE 3RD
Arkansas Razorbacks batting - Pitching for California Golden Bears : RHP Juan Bonilla
Batting: RHB Cipriano Vega 0-0: Ball
1-0: Ball
2-0: Ball
3-0: Base on Balls
Batting: RHB Domingo Morales 0-0: Called Strike
0-1: Called Strike
0-2: Foul Ball, location: 2F
0-2: Fielders Choice at 2nd, 6-4 (Groundball, 6M)
Batting: RHB Andrew Weatherly 0-0: Ball
1-0: Called Strike
1-1: Ball
2-1: SINGLE (Groundball, 6D)
Domingo Morales to second
Batting: LHB Richard Hinkle 0-0: Fly out, F7 (Flyball, 78S)
Batting: LHB Carter Sweet 0-0: Called Strike
0-1: Foul Ball, location: 2F
0-2: SINGLE (Groundball, 4MD)
Domingo Morales to third
Andrew Weatherly to second
Runner from 3rd tries for Home, SAFE, no throw or cutoff
Batting: RHB Stan Simpson 0-0: 3-RUN HOME RUN (Flyball, 7D), Distance : 349 ft
Batting: RHB Jon Anderson 0-0: Ball
1-0: Ball
2-0: Ball
3-0: Called Strike
3-1: Base on Balls
Batting: LHB Paul Valentine 0-0: Ball
1-0: Called Strike
1-1: Swinging Strike
1-2: Strikes out swinging
Bottom of the 3rd over - 4 run(s), 3 hit(s), 0 error(s), 1 left on base; California 0 - Arkansas 4
TOP OF THE 4TH
California Golden Bears batting - Pitching for Arkansas Razorbacks : LHP Scott McCullough
Batting: RHB Robin Dobson 0-0: Called Strike
0-1: Ball
1-1: Foul Ball, location: 2F
1-2: Strikes out swinging
Batting: RHB Marv Shepard 0-0: Ball
1-0: Ball
2-0: Called Strike
2-1: Ball
3-1: Swinging Strike
3-2: Strikes out looking
Batting: SHB Darrel Lang 0-0: SINGLE (Line Drive, 8LS)
Batting: LHB Robbie Evison 0-0: Fly out, F8 (Flyball, 8LM)
Top of the 4th over - 0 run(s), 1 hit(s), 0 error(s), 1 left on base; California 0 - Arkansas 4
BOTTOM OF THE 4TH
Arkansas Razorbacks batting - Pitching for California Golden Bears : RHP Juan Bonilla
Batting: SHB Ed Dundee 0-0: Ball
1-0: Fly out, F7 (Flyball, 7M)
Batting: RHB Cipriano Vega 0-0: Ball
1-0: Called Strike
1-1: Ball
2-1: Fly out, F4 (Popup, 4D)
Batting: RHB Domingo Morales 0-0: Fly out, F7 (Flyball, 7M)
Bottom of the 4th over - 0 run(s), 0 hit(s), 0 error(s), 0 left on base; California 0 - Arkansas 4
TOP OF THE 5TH
California Golden Bears batting - Pitching for Arkansas Razorbacks : LHP Scott McCullough
Batting: RHB William Knisley 0-0: Ball
1-0: SINGLE (Groundball, 34D)
Batting: RHB Ray Foster 0-0: Foul Ball, location: 2F
0-1: Ball
1-1: Ball
2-1: Foul Ball, location: 2F
2-2: Strikes out swinging
Batting: LHB Ken Wheeler 0-0: Ball
1-0: Ball
2-0: Ball
3-0: Called Strike
3-1: Foul Ball, location: 2F
3-2: Strikes out looking
Batting: LHB Ryan Rheaume 0-0: SINGLE (Groundball, 3D)
William Knisley to second
Runner from 2nd tries for 3rd, SAFE, throw made to third
Batting: RHB Francis Land 0-0: Hit by Pitch
Ryan Rheaume to second
Batting: RHB Robin Dobson 0-0: Ball
1-0: Called Strike
1-1: Ball
2-1: Foul Ball, location: 2F
2-2: Ball
3-2: Strikes out swinging
Top of the 5th over - 0 run(s), 2 hit(s), 0 error(s), 3 left on base; California 0 - Arkansas 4
BOTTOM OF THE 5TH
Arkansas Razorbacks batting - Pitching for California Golden Bears : RHP Juan Bonilla
Batting: RHB Andrew Weatherly 0-0: Foul Ball, location: 2F
0-1: Ball
1-1: Foul Ball, location: 2F
1-2: Foul Ball, location: 2F
1-2: Foul Ball, location: 2F
1-2: Strikes out swinging
Batting: LHB Richard Hinkle 0-0: SINGLE (Line Drive, 56D)
Batting: LHB Carter Sweet 0-0: Ball
1-0: Ball
2-0: SINGLE (Groundball, 34D)
Richard Hinkle to second
Runner from 2nd tries for 3rd, SAFE, throw made to third
Batting: RHB Stan Simpson 0-0: Swinging Strike
0-1: Ball
1-1: Ball
2-1: Ball
3-1: Foul Ball, location: 2F
3-2: Strikes out swinging
Batting: RHB Jon Anderson 0-0: Foul Ball, location: 2F
0-1: Fielders Choice at 2nd, 5-4 (Groundball, 56)
Bottom of the 5th over - 0 run(s), 2 hit(s), 0 error(s), 1 left on base; California 0 - Arkansas 4
TOP OF THE 6TH
California Golden Bears batting - Pitching for Arkansas Razorbacks : LHP Scott McCullough
Batting: RHB Marv Shepard 0-0: Ball
1-0: Ball
2-0: Foul Ball, location: 2F
2-1: Ball
3-1: Called Strike
3-2: Base on Balls
Pitching: LHP Bobby MacGruder
Batting: SHB Darrel Lang 0-0: Ball
1-0: Called Strike
1-1: Foul Ball, location: 2F
1-2: Ball
2-2: Ball
3-2: Strikes out swinging
Batting: LHB Robbie Evison 0-0: Ball
1-0: Foul Ball, location: 2F
1-1: Ball
2-1: Fly out, F8 (Flyball, 8RM)
Batting: RHB William Knisley 0-0: Called Strike
0-1: Ball
1-1: Swinging Strike
1-2: Strikes out swinging
Top of the 6th over - 0 run(s), 0 hit(s), 0 error(s), 1 left on base; California 0 - Arkansas 4
BOTTOM OF THE 6TH
Arkansas Razorbacks batting - Pitching for California Golden Bears : RHP Juan Bonilla
Batting: LHB Paul Valentine 0-0: Called Strike
0-1: Ball
1-1: Called Strike
1-2: Ball
2-2: Ball
3-2: Fly out, F4 (Popup, 4S)
Pitching: RHP Chris Keats
Batting: SHB Ed Dundee 0-0: Called Strike
0-1: Foul Ball, location: 2F
0-2: Ball
1-2: Foul Ball, location: 2F
1-2: Strikes out looking
Batting: RHB Cipriano Vega 0-0: Called Strike
0-1: Ball
1-1: Called Strike
1-2: Ball
2-2: Strikes out swinging
Bottom of the 6th over - 0 run(s), 0 hit(s), 0 error(s), 0 left on base; California 0 - Arkansas 4
TOP OF THE 7TH
California Golden Bears batting - Pitching for Arkansas Razorbacks : LHP Bobby MacGruder
Batting: RHB Ray Foster 0-0: Fly out, F5 (Line Drive, 5)
Batting: LHB Ken Wheeler 0-0: Called Strike
0-1: Ball
1-1: SINGLE (Line Drive, 78M)
Batting: LHB Ryan Rheaume 0-0: Ball
1-0: Foul Ball, location: 2F
Pickoff Throw to First - Out!
1-1: Ground out U3 (Groundball, 3)
Top of the 7th over - 0 run(s), 1 hit(s), 0 error(s), 0 left on base; California 0 - Arkansas 4
BOTTOM OF THE 7TH
Arkansas Razorbacks batting - Pitching for California Golden Bears : RHP Chris Keats
Batting: RHB Domingo Morales 0-0: Ball
1-0: Foul Ball, location: 2F
1-1: Called Strike
1-2: Strikes out looking
Batting: RHB Andrew Weatherly 0-0: Foul Ball, location: 2F
0-1: Called Strike
0-2: Ball
1-2: Foul Ball, location: 2F
1-2: Ground out 6-3 (Groundball, 6)
Batting: LHB Richard Hinkle 0-0: Foul Ball, location: 2F
0-1: Ball
1-1: Ball
2-1: Ball
3-1: SINGLE (Line Drive, 34)
Batting: LHB Carter Sweet 0-0: Ground out 4-3 (Groundball, 4)
Bottom of the 7th over - 0 run(s), 1 hit(s), 0 error(s), 1 left on base; California 0 - Arkansas 4
TOP OF THE 8TH
California Golden Bears batting - Pitching for Arkansas Razorbacks : LHP Bobby MacGruder
Pitching: LHP Arnie Smeddon
Batting: RHB Francis Land 0-0: Ball
1-0: Called Strike
1-1: Called Strike
1-2: Strikes out swinging
Batting: RHB Robin Dobson 0-0: SINGLE (Groundball, 34D)
Batting: RHB Marv Shepard 0-0: Ball
1-0: Called Strike
1-1: Foul Ball, location: 2F
1-2: Foul Ball, location: 2F
1-2: Strikes out swinging
Batting: SHB Darrel Lang 0-0: Ball
1-0: Foul Ball, location: 2F
1-1: Swinging Strike
1-2: Ball
2-2: Ball
3-2: Fly out, F4 (Line Drive, 4)
Top of the 8th over - 0 run(s), 1 hit(s), 0 error(s), 1 left on base; California 0 - Arkansas 4
BOTTOM OF THE 8TH
Arkansas Razorbacks batting - Pitching for California Golden Bears : RHP Chris Keats
Batting: RHB Stan Simpson 0-0: Ground out 6-3 (Groundball, 6M)
Pitching: RHP Darrell Barnett
Batting: RHB Jon Anderson 0-0: Ball
1-0: Called Strike
1-1: Ball
2-1: Ball
3-1: Base on Balls
Batting: LHB Paul Valentine 0-0: Grounds into double play, 4-6-3 (Groundball, 4)
Bottom of the 8th over - 0 run(s), 0 hit(s), 0 error(s), 0 left on base; California 0 - Arkansas 4
TOP OF THE 9TH
California Golden Bears batting - Pitching for Arkansas Razorbacks : LHP Arnie Smeddon
Batting: LHB Robbie Evison 0-0: Foul Ball, location: 2F
0-1: Foul Ball, location: 2F
0-2: Ball
1-2: Foul Ball, location: 2F
1-2: Foul Ball, location: 2F
1-2: Ball
2-2: Ball
3-2: Strikes out looking
Batting: RHB William Knisley 0-0: Ball
1-0: Swinging Strike
1-1: Swinging Strike
1-2: Ball
2-2: Strikes out swinging
Batting: RHB Ray Foster 0-0: Swinging Strike
0-1: Ball
1-1: Ball
2-1: Swinging Strike
2-2: SOLO HOME RUN (Flyball, 7D), Distance : 357 ft
Pitching: RHP Jesús Medina
Batting: LHB Ken Wheeler 0-0: Ball
1-0: Foul Ball, location: 2F
1-1: Called Strike
1-2: Ball
2-2: Strikes out swinging
Top of the 9th over - 1 run(s), 1 hit(s), 0 error(s), 0 left on base; California 1 - Arkansas 4
This league is powered by Out of the Park Baseball, the baseball management simulation game for PC, Mac and Linux
Tuesday, August 2nd, 2016 - OOTP Baseball 16.8 Build 38